 Dungeon Crawl Stone Soup version 0.25.0-37-gb73750e0fb (webtiles) character file.

Game seed: 4264411029514387395

39 DocSulfur the Magician (level 3, -2/19 HPs)
             Began as a Deep Elf Wizard on July 8, 2020.
             Hit by a stone thrown by a gnoll (6 damage)
             ... on level 2 of the Dungeon.
             The game lasted 00:08:12 (1205 turns).

DocSulfur the Magician (Deep Elf Wizard)            Turns: 1205, Time: 00:08:15

Health: -2/19      AC:  3    Str:  4    XL:     3   Next: 26%
Magic:  4/11       EV: 13    Int: 23    God:
Gold:   65         SH:  0    Dex: 13    Spells: 6/11 levels left

rFire    . . .     SeeInvis .   k - +0 short sword
rCold    + . .     Gourm    .   (no shield)
rNeg     . . .     Faith    .   a - +0 robe
rPois    .         Spirit   .   b - +0 hat
rElec    .         Reflect  .   (no cloak)
rCorr    .         Harm     .   p - +0 pair of gloves
MR       .....                  (no boots)
Stlth    ++........             (no amulet)
HPRegen  0.06/turn              h - ring of protection from cold
MPRegen  0.12/turn              (no ring)

@: very slightly contaminated
A: no striking features
a: no special abilities


You were on level 2 of the Dungeon.
You were not hungry.

You visited 1 branch of the dungeon, and saw 2 of its levels.

You collected 65 gold pieces.

Inventory:

Hand Weapons
 k - a +0 short sword (weapon)
Missiles
 g - 44 stones (quivered)
 m - 21 sling bullets
Armour
 a - a +0 robe (worn)
 b - a +0 hat (worn)
 p - a +0 pair of gloves (worn)
Jewellery
 h - a ring of protection from cold (left hand)
Scrolls
 c - 2 scrolls of immolation
 e - 2 scrolls of teleportation {unknown}
 n - a scroll of fear {unknown}
 q - a scroll of identify {unknown}
 t - a scroll of amnesia {unknown}
Potions
 i - a potion of degeneration {unknown}
 j - a potion of stabbing {unknown}
 l - a potion of berserk rage {unknown}
 o - a potion of cancellation {unknown}
 r - a potion of curing {unknown}
 s - a potion of ambrosia {unknown}
Comestibles
 d - 2 rations
 f - a chunk of flesh


   Skills:
 - Level 2.4 Dodging
 - Level 2.4 Stealth
 + Level 4.9 Spellcasting
 * Level 2.7 Conjurations
 * Level 1.3 Summonings
 * Level 1.5 Translocations


You had 6 spell levels left.
You knew the following spells:

 Your Spells              Type           Power        Failure   Level  Hunger
a - Magic Dart            Conj           ###.         3%          1    None
b - Call Imp              Summ           ##......     9%          2    None
c - Blink                 Tloc           N/A          8%          2    None

Your spell library contained the following spells:

 Spells                   Type           Power        Failure   Level  Hunger
 Slow                     Hex            #.......     14%         2    None
 Conjure Flame            Conj/Fire      ##......     16%         3    ##.....
 Mephitic Cloud           Conj/Pois/Air  #.......     21%         3    ##.....


Dungeon Overview and Level Annotations

Branches:
Dungeon (2/15)

Altars:


Message History

Casting: Call Imp (safe; 9% risk of failure)
Confirm with . or Enter, or press ? or * to list all spells.
You miscast Call Imp.
You are very lightly contaminated with residual magic.
Nothing appears to happen.
Your crimson imp hits the gnoll but does no damage.
You hit the gnoll.
The gnoll is lightly wounded.
The gnoll hits you with a +0 club. The gnoll hits you with a +0 flail!
Ouch! That really hurt!
* * * LOW HITPOINT WARNING * * *
Your crimson imp misses the gnoll.
Unknown command.
Casting: Call Imp (safe; 9% risk of failure)
Confirm with . or Enter, or press ? or * to list all spells.
You blink.
A goblin comes into view.
The goblin shouts!
The gnoll throws a stone.
The stone hits you.
You die...

##.#
#.......#....
#.#
#)...........
#.#
#.......#....
#.#
#.......#....
#.#
#.......#....
###.#
#########.#..
#g..# #.#..
####g####
#.#.#
#..5.@..#
#....
#.##.#..#
.... #
#.g.#..# .
#..# #.# #.#.
..g #. # ###
.. #. .. ##


You could see 3 gnolls, a goblin and a friendly crimson imp (summoned).

Vanquished Creatures
  2 leopard geckos (D:1)
  2 bats (D:2)
  A giant cockroach (D:2)
  7 goblins
  5 hobgoblins
  2 frilled lizards
  6 kobolds
  5 rats
30 creatures vanquished.

Vanquished Creatures (collateral kills)
  A dart slug (D:1)
  A ball python (D:1)
2 creatures vanquished.

Grand Total: 32 creatures vanquished

Notes
Turn   | Place    | Note
-------+----------+-------------------------------------------
     0 | D:1      | DocSulfur the Deep Elf Wizard began the quest for the Orb.
     0 | D:1      | Reached XP level 1. HP: 10/10 MP: 7/7
   110 | D:1      | You fall into a shaft and drop 1 floor!
   115 | D:2      | Reached XP level 2. HP: 15/15 MP: 4/9
   220 | D:2      | Learned a level 2 spell: Call Imp
   223 | D:2      | Learned a level 2 spell: Blink
   847 | D:1      | Reached XP level 3. HP: 19/19 MP: 6/11
  1205 | D:2      | Hit by a stone thrown by a gnoll

Illustrated notes

Levels and vault maps discovered:
D:1:      dpeg_arrival_tiny_a, layout_basic
D:2:      layout_loops_cross, grunt_temple_overflow_opulence,
          lemuel_doored_altar, first_ration

Skill      XL: |  1 |
---------------+----+-----
Conjurations   | 2 |  2.7
Dodging        | |  2.4
Stealth        | |  2.4
Spellcasting   | |  4.9
Summonings     | |  1.3
Translocations | |  1.5

Action                   || total
-------------------------++-------
Melee: Short sword       ||     1
 Cast: Magic Dart        ||    60
       Call Imp          ||     3
       Blink             ||     1
  Use: Scroll            ||     1
  Eat: Chunk             ||     1
Armor: Robe              ||     1
Dodge: Dodged            ||     5
